 Dungeon Crawl Stone Soup version 0.24-a0-537-g2d01d4ab0a (webtiles) character file.

Game seed: 6992505019311934887

79 Gargoyl the Skirmisher (level 4, -3/38 HPs)
             Began as a Centaur Abyssal Knight on Aug 13, 2019.
             Was a Follower of Lugonu.
             Killed from afar by Ijyb (12 damage)
             ... with a bolt of acid
             ... on level 3 of the Dungeon.
             The game lasted 00:04:30 (2303 turns).

Gargoyl the Skirmisher (Centaur Abyssal Knight)     Turns: 2303, Time: 00:04:30

Health: -3/38      AC:  9    Str: 14    XL:     4   Next: 17%
Magic:  5/5        EV:  4    Int: 13    God:    Lugonu [*.....]
Gold:   131        SH:  0    Dex: 10    Spells: 3/3 levels left

rFire    . . .     SeeInvis .   d - +0 triple sword
rCold    . . .     Gourm    .   (shield currently unavailable)
rNeg     . . .     Faith    .   g - +0 chain mail
rPois    .         Spirit   .   e - +1 helmet
rElec    .         Reflect  .   (no cloak)
rCorr    .         Harm     .   (no gloves)
MR       .....                  (no barding)
Stlth    ..........             (no amulet)
HPRegen  0.12/turn              k - +2 ring of intelligence
MPRegen  0.09/turn              (no ring)

@: very quick
A: large, hooves 3, deformed body, speed 2, tough skin 3
a: Depart the Abyss, Renounce Religion


You were on level 3 of the Dungeon.
You worshipped Lugonu.
Lugonu was aware of your devotion.
You were not hungry.

You visited 1 branch of the dungeon, and saw 3 of its levels.
You visited the Abyss 1 time.

You collected 131 gold pieces.

Inventory:

Hand Weapons
 a - a +1 hand axe
 d - a +0 triple sword (weapon)
 j - a +3 hand axe
Armour
 e - a +1 helmet (worn)
 g - a +0 chain mail (worn)
Jewellery
 i - a +2 ring of intelligence
 k - a +2 ring of intelligence (left hand)
Wands
 b - a wand of digging (4)
Scrolls
 f - 3 scrolls of identify
 h - a scroll of teleportation
 n - a scroll of remove curse
 o - 3 scrolls of amnesia {unknown}
Potions
 m - a potion of degeneration {unknown}
Comestibles
 c - 5 rations
 l - a chunk of flesh


   Skills:
 + Level 3.3 Fighting
 + Level 1.2 Long Blades
 + Level 2.0 Axes
 * Level 2.2 Armour
 * Level 1.2 Dodging
 * Level 2.5 Invocations


You had 3 spell levels left.
You didn't know any spells.
Your spell library was empty.

Dungeon Overview and Level Annotations

Branches:
Dungeon (3/15)

Altars:
Wu Jian

Annotations:
D:3 Ijyb


Innate Abilities, Weirdness & Mutations

You have hooves in place of feet.
Armour fits poorly on your strangely shaped body.
You cover ground very quickly.
You have extremely tough skin. (AC +3)


Message History

Your chain mail prevents you from hitting Ijyb.
Ijyb is moderately wounded.
The giant cockroach bites you but does no damage.
Ijyb hits you with a +0 club.
The giant cockroach bites you but does no damage.
Unknown command.
You barely miss Ijyb.
Ijyb is moderately wounded.
Ijyb completely misses you.
You riposte.
You closely miss Ijyb. You kick Ijyb!
Ijyb is severely wounded.
The giant cockroach bites you but does no damage.
Ijyb hits you with a +0 club.
* * * LOW HITPOINT WARNING * * *
The giant cockroach bites you but does no damage.
You hit Ijyb but do no damage.
Ijyb is severely wounded.
The giant cockroach bites you.
* * * LOW HITPOINT WARNING * * *
Ijyb zaps a wand.
The bolt of acid hits you!
You die...

..###
#..##.....##..#
..#
##.#.......#.##
#.#.......#.#
#....._.....#
#.#.......#.#
#.#.......#.# #
##.....##.#
##.####.####.#
......)@.....#
.......gs.####
..........#
..........#
!.........#
..........#
..........#
..........#


You could see Ijyb and a giant cockroach.

Vanquished Creatures
  Terence (D:3)
  An adder (D:3)
  A shadow imp (D:2)
  An ooze (D:1)
  A dart slug (D:2)
  A leopard gecko (D:1)
  3 ball pythons
  3 giant cockroaches
  8 goblins
  A hobgoblin (D:3)
  A kobold (D:2)
  3 bats
  5 frilled lizards
  3 rats
33 creatures vanquished.

Notes
Turn   | Place    | Note
-------+----------+-------------------------------------------
     0 | Abyss:1  | Gargoyl the Centaur Abyssal Knight began the quest for the
                  | Orb.
     0 | Abyss:1  | Reached XP level 1. HP: 19/19 MP: 2/2
    46 | Abyss:2  | Found a corrupted altar of Lugonu.
    91 | Abyss:2  | Noticed a spatial maelstrom
    92 | D:1      | Escaped the Abyss
   485 | D:1      | Reached skill level 1 in Dodging
   523 | D:1      | Reached XP level 2. HP: 6/26 MP: 3/3
   909 | D:1      | Reached * piety under Lugonu
  1335 | D:2      | Reached XP level 3. HP: 23/31 MP: 4/4
  1785 | D:3      | Reached skill level 1 in Long Blades
  2097 | D:3      | Noticed Terence
  2118 | D:3      | Killed Terence
  2118 | D:3      | Reached XP level 4. HP: 20/38 MP: 5/5
  2273 | D:3      | Found an ornate altar of the Wu Jian Council.
  2296 | D:3      | Noticed Ijyb
  2303 | D:3      | Killed from afar by Ijyb

Levels and vault maps discovered:
D:1:      mrwooster_arrival_statue, layout_rooms, minmay_misc_feat_nine_boxes
D:2:      layout_basic
D:3:      layout_basic, old_standard_altar, uniq_terence, uniq_ijyb

Skill      XL: |  1  2  3 |
---------------+----------+-----
Dodging        | 1 |  1.2
Axes           | 2 |  2.0
Long Blades    | 1 |  1.2
Armour         | 2 |  2.2
Fighting       | |  3.3
Invocations    | |  2.5

Action                   |  1- 3 |  4- 6 || total
-------------------------+-------+-------++-------
Melee: Triple sword      |   161 |     6 ||   167
       Kick              |    31 |     1 ||    32
Invok: Depart the Abyss  |     1 |       ||     1
  Use: Potion            |     7 |       ||     7
       Scroll            |     7 |       ||     7
  Eat: Chunk             |     3 |     1 ||     4
Armor: Chain mail        |   250 |    10 ||   260
Dodge: Dodged            |    86 |     4 ||    90
       Rpst.: Triple sword |    25 |     1 ||    26

Table legend:
 A = Non-vault XP
 B = Vault XP
 C = Vault XP percentage of total XP
 D = Non-vault monster count
 E = Vault monster count
 F = Vault count percentage of total count
                 A         B        C        D         E       F
            +---------+---------+-------+---------+---------+-------
      Total |      78 |      36 |  31.6 |      32 |       1 |   3.0
            +---------+---------+-------+---------+---------+-------
        D:1 |      22 |       0 |   0.0 |      10 |       0 |   0.0
        D:2 |      39 |       0 |   0.0 |      18 |       0 |   0.0
        D:3 |      17 |      36 |  67.9 |       4 |       1 |  20.0
            +---------+---------+-------+---------+---------+-------
